 Dungeon Crawl Stone Soup version 0.23.2-40-g277498a001 (webtiles) character file.

Game seed: 5470819695950681207

117 Martska the Ducker (level 5, -2/38 HPs)
             Began as a Merfolk Ice Elementalist on Oct 2, 2019.
             Killed from afar by Blork the orc (5 damage)
             ... with a magic dart
             ... on level 3 of the Dungeon.
             The game lasted 00:12:42 (3190 turns).

Martska the Ducker (Merfolk Ice Elementalist)       Turns: 3190, Time: 00:12:42

Health: -2/38      AC:  2    Str:  8    XL:     5   Next: 1%
Magic:  8/8        EV: 29    Int: 14    God:
Gold:   51         SH:  3    Dex: 16    Spells: 2/8 levels left

rFire    . . .     SeeInvis .   b - +0 short sword
rCold    . . .     Gourm    .   p - +0 buckler (curse)
rNeg     . . .     Faith    .   a - +0 robe
rPois    .         Spirit   .   (no helmet)
rElec    .         Reflect  .   (no cloak)
rCorr    .         Harm     .   (no gloves)
MR       .....                  (no boots)
Stlth    ++........             d - amulet of the acrobat
HPRegen  0.12/turn              (no ring)
MPRegen  0.11/turn              (no ring)

@: acrobat
A: change form in water, swift swim, stealthy swim
a: no special abilities


You were on level 3 of the Dungeon.
You were not hungry.

You visited 1 branch of the dungeon, and saw 4 of its levels.

You collected 129 gold pieces.
You spent 78 gold pieces at shops.

Inventory:

Hand Weapons
 b - a +0 short sword (weapon)
Armour
 a - a +0 robe (worn)
 p - a cursed +0 buckler (worn)
Jewellery
 d - an amulet of the acrobat (around neck)
Scrolls
 g - a scroll of enchant weapon {unknown}
 h - 2 scrolls of remove curse
 i - a scroll of identify {unknown}
 j - a scroll of amnesia {unknown}
 l - a scroll of random uselessness {unknown}
 n - a scroll of enchant armour {unknown}
 o - 2 scrolls of magic mapping {unknown}
Potions
 e - 2 potions of degeneration {unknown}
 f - a potion of might {unknown}
 k - a potion of curing
 m - a potion of brilliance {unknown}
Comestibles
 c - 4 rations


   Skills:
 * Level 2.2 Fighting
 * Level 4.3 Dodging
 + Level 2.8 Stealth
 + Level 2.4 Spellcasting
 - Level 0.7 Conjurations
 + Level 0.6 Charms
 + Level 3.7 Ice Magic


You had 2 spell levels left.
You knew the following spells:

 Your Spells              Type           Power        Failure   Level  Hunger
a - Freeze                Ice            ##..         9%          1    #......
b - Throw Frost           Conj/Ice       #.....       22%         2    ###....
c - Ozocubu's Armour      Chrm/Ice       #.......     41%         3    ###....

Your spell library contained the following spells:

 Spells                   Type           Power        Failure   Level  Hunger
 Throw Icicle             Conj/Ice       #.......     83%         4    #####..
 Summon Ice Beast         Ice/Summ       #.......     87%         4    #####..


Dungeon Overview and Level Annotations

Branches:
Dungeon (4/15)
 Temple: D:4-7

Altars:
Ashenzari
Uskayaw
The Shining One

Shops:
D:4 *

Annotations:
D:2 Sigmund
D:3 Blork the orc


Message History

Blork the orc completely misses you.
There is a stone staircase leading up here.
Blork the orc completely misses you.
Blork the orc screams, "I'll cover the dungeon with your blood!"
Blork the orc completely misses you.
You feel better. Blork the orc barely misses you.
Blork the orc hits you with a +0 long sword.
* * * LOW HITPOINT WARNING * * *
You feel better.
Blork the orc gestures at you while chanting.
The magic dart hits you.
Blork the orc hits you with a +0 long sword.
Blork the orc screams, "I'll make a cloak from your skin!"
Blork the orc hits you with a +0 long sword.
Blork the orc points at you and mumbles some strange words.
The magic dart hits you!
* * * LOW HITPOINT WARNING * * *
Blork the orc casts a spell at you. The magic dart hits you.
You die...

......##..<...###.#######.#
#.#.#.#..####...#.........#
#.#.....## ###...........#
....)#.### ##..........#
####.....# ##.........#
#.#...#### #.........#
#>##...).#####.........#
#.##..##....#######...##
#.###.#####..@.###.....##
#># #.### ####.##.......#
####.# #...## #.o........#
.....# ###..# ###........#
.....# ##.# ###......##
.....######.#### #........##
..........#....###.#.......#
..........####..##.#.......#
..........# ##..#.#.......#


You could see Blork the orc.

Vanquished Creatures
  6 adders
  An adder skeleton (D:4)
  2 orcs
  4 ball pythons
  5 bats
  3 giant cockroaches
  2 goblins
  11 hobgoblins
  4 jackals (D:1)
  6 kobolds
  2 quokkas (D:3)
  3 frilled lizards
  9 rats
58 creatures vanquished.

Notes
Turn   | Place    | Note
-------+----------+-------------------------------------------
     0 | D:1      | Martska the Merfolk Ice Elementalist began the quest for
                  | the Orb.
     0 | D:1      | Reached XP level 1. HP: 13/13 MP: 3/3
   385 | D:1      | Reached skill level 3 in Dodging
   423 | D:1      | Reached XP level 2. HP: 16/20 MP: 1/5
   522 | D:1      | Learned a level 2 spell: Throw Frost
   734 | D:1      | Reached skill level 1 in Fighting
   979 | D:1      | Reached XP level 3. HP: 23/26 MP: 1/6
  1481 | D:2      | Noticed Sigmund
  1973 | D:3      | Learned a level 3 spell: Ozocubu's Armour
  2121 | D:3      | Reached skill level 4 in Dodging
  2121 | D:3      | Reached XP level 4. HP: 26/33 MP: 0/7
  2843 | D:3      | Found a shattered altar of Ashenzari.
  2962 | D:3      | Found a hide-covered altar of Uskayaw.
  3079 | D:4      | Reached XP level 5. HP: 30/38 MP: 3/8
  3095 | D:4      | Found Alomo's General Store.
  3102 | D:4      | Bought a potion of curing for 39 gold pieces
  3102 | D:4      | Bought a scroll of remove curse for 39 gold pieces
  3113 | D:4      | Noticed Blork the orc
  3141 | D:3      | Found a glowing golden altar of the Shining One.
  3190 | D:3      | Killed from afar by Blork the orc

Skill      XL: |  1  2  3  4 |
---------------+-------------+-----
Dodging        | 3 4 |  4.3
Fighting       | 1 2 |  2.2
Stealth        | |  2.8
Spellcasting   | |  2.4
Conjurations   | |  0.7
Charms         | |  0.6
Ice Magic      | |  3.7

Action                   |  1- 3 |  4- 6 || total
-------------------------+-------+-------++-------
Melee: Short sword       |    26 |    33 ||    59
 Cast: Freeze            |    57 |    23 ||    80
       Throw Frost       |     2 |    10 ||    12
  Use: Potion            |       |     2 ||     2
 Stab: Sleeping          |     1 |       ||     1
  Eat: Ration            |     2 |     1 ||     3
       Chunk             |       |     1 ||     1
Armor: Robe              |     8 |     9 ||    17
Dodge: Dodged            |    75 |    83 ||   158
Block: Buckler           |       |     4 ||     4
